 Dungeon Crawl Stone Soup version 0.29.1-1-gd02db69 (webtiles) character file.

Game seed: 6055094514571025761

2425 Kel the Cleaver (level 9, -4/76 HPs)
             Began as a Gargoyle Berserker on Dec 10, 2022.
             Was an Elder of Trog.
             Slain by a swamp worm (6 damage)
             ... on level 7 of the Dungeon.
             The game lasted 00:09:11 (6276 turns).

Kel the Cleaver (Gargoyle Berserker)                Turns: 6276, Time: 00:09:11

Health: -4/76      AC: 18    Str: 25    XL:     9   Next: 48%
Magic:  9/9        EV:  8    Int: 12    God:    Trog [****..]
Gold:   325        SH:  0    Dex:  9    Spells: 8/8 levels left

rFire   . . .      SeeInvis .   h - +5 war axe "Wuntouwk" {flame, rN+ Int+4}
rCold   . . .      Faith    .   (no shield)
rNeg    + + .      Spirit   .   a - +0 chain mail
rPois   ∞          Reflect  .   (no helmet)
rElec   +          Harm     .   b - +1 cloak
rCorr   +          Rampage  .   j - +0 pair of gloves
Will    .....                   (no boots)
Stlth   ..........              (no amulet)
HPRegen 0.22/turn               n - ring of flight
MPRegen 0.11/turn               w - ring of resist corrosion

@: berserking, flying, very quick
A: sickness immunity, AC +6, negative energy resistance 1, electricity
resistance, torment resistance 1, petrification resistance
a: Renounce Religion, Berserk, Trog's Hand, Brothers in Arms


You were on level 7 of the Dungeon.
You worshipped Trog.
Trog was greatly pleased with you.
You visited 1 branch of the dungeon, and saw 7 of its levels.
You also visited: Sewer.

You collected 325 gold pieces.

Inventory:

Hand Weapons
 h - the +5 war axe "Wuntouwk" (weapon) {flame, rN+ Int+4}
   (You found it on level 2 of the Dungeon)

   It burns those it strikes, dealing additional fire damage.
   Big, fiery blades are also staple armaments of hydra-hunters.
   Int:       It affects your intelligence (+4).
   rN:        It protects you from negative energy.
Missiles
 m - a throwing net (quivered)
Armour
 a - a +0 chain mail (worn)
 b - a +1 cloak (worn)
 j - a +0 pair of gloves (worn)
Jewellery
 n - a ring of flight (left hand)
 w - a ring of resist corrosion (right hand)
Wands
 u - a wand of mindburst (10)
Scrolls
 c - 7 scrolls of identify {unknown}
 d - 2 scrolls of teleportation {unknown}
 e - 3 scrolls of blinking {unknown}
 g - a scroll of immolation {unknown}
 k - a scroll of enchant armour {unknown}
 l - 2 scrolls of magic mapping {unknown}
 p - 4 scrolls of poison {unknown}
 q - a scroll of enchant weapon {unknown}
 r - a scroll of silence {unknown}
 s - 2 scrolls of vulnerability {unknown}
 t - a scroll of noise {unknown}
 v - a scroll of butterflies {unknown}
 x - a scroll of fear {unknown}
Potions
 f - a potion of brilliance {unknown}
 i - a potion of berserk rage {unknown}
 o - 2 potions of curing


   Skills:
 - Level 3.2 Fighting
 + Level 11.7 Axes
 - Level 2.1 Armour
 - Level 1.5 Dodging


You had 8 spell levels left.
You didn't know any spells.
Your spell library was empty.

Dungeon Overview and Level Annotations

Branches:
Dungeon (7/15)             Temple (0/1) D:6           Sewer (visited)

Altars:
Kikubaaqudgha
Okawaru


Innate Abilities, Weirdness & Mutations

You are immune to sickness and miasma.
Your stone body is resilient. (AC +6)
You are immune to poison.
You resist negative energy. (rN+)
You are resistant to electric shocks. (rElec)
You are resistant to unholy torment.
You are immune to petrification.


Message History

The plant is lightly damaged.
You slash the plant! You burn the plant. You slash the plant!
You burn the plant.
A nearby plant withers and dies. x3
The swamp worm fires a harpoon shot at you.
The harpoon shot hits you but does no damage.
The swamp worm fires a harpoon shot at you.
The harpoon shot misses you.
You closely miss the swamp worm. You hit the plant. You burn the plant.
The swamp worm bites you.
You completely miss the swamp worm.
You hit the swamp worm but do no damage.
You slash the plant! You burn the plant.
A nearby plant withers and dies.
The swamp worm bites you but does no damage.
The swamp worm closely misses you.
You hit the swamp worm. You burn the swamp worm.
The swamp worm is lightly wounded.
You hit the swamp worm. You burn the swamp worm.
The swamp worm bites you but does no damage.
The swamp worm barely misses you.
You slash the swamp worm! You burn the swamp worm.
The swamp worm is severely wounded.
You hit the swamp worm. You burn the swamp worm.
You barely miss the swamp worm.
The swamp worm bites you but does no damage.
The swamp worm bites you! x3
You barely miss the swamp worm.
The swamp worm is severely wounded.
You miss the swamp worm. You slash the swamp worm! You burn the swamp worm.
The swamp worm bites you but does no damage.
The swamp worm barely misses you. The swamp worm bites you.
You feel better. The swamp worm bites you! x2
* * * LOW HITPOINT WARNING * * *
The swamp worm bites you.
* * * LOW HITPOINT WARNING * * *
The swamp worm barely misses you.
A red film seems to cover your vision as you go berserk!
You feel yourself moving faster!
You feel mighty!
The swamp worm bites you but does no damage.
The swamp worm bites you.
You die...

####........~~##
##~~.....# #
#.......~~~#~~~#~~~.####
# ########~≈##~~~##≈~.#
# #~~#~~~~~#~~.#
###########~≈##~~~##≈~.#
...........~~~#?~~#~~~.#
####.>......~~##~##~~..#
####........#~≈www≈~..##
.....^.......~~~@~~~###
.......#####..~~~~~##
.......# ##...####
######.# ##### #<# #.#
#.# #.# #.#


You could see 3 swamp worms.

Vanquished Creatures
  Grinder (D:3)
  2 water moccasins
  An ogre (D:5)
  4 black bears
  2 centaurs (D:6)
  2 phantoms
  2 kobold brigands (Sewer)
  A gnoll sergeant (D:6)
  3 bullfrogs
  A scorpion (D:5)
  3 wights (D:7)
  A jelly (D:6)
  5 hounds
  An orc priest (D:3)
  Crazy Yiuf (D:2)
  3 iguanas
  An orc wizard (D:5)
  9 gnolls
  9 adders
  A river rat (Sewer)
  A shadow imp (D:7)
  A white imp (D:5)
  3 ufetubi
  A worm (D:2)
  7 dart slugs
  10 orcs
  11 ball pythons
  7 endoplasms
  3 giant cockroaches
  6 goblins
  3 hobgoblins
  6 jackals
  10 kobolds
  3 quokkas
  9 bats
  4 frilled lizards
  11 rats
149 creatures vanquished.

Vanquished Creatures (others)
  4 plants (D:7)
4 creatures vanquished.

Grand Total: 153 creatures vanquished

Notes
Turn   | Place    | Note
-------+----------+-------------------------------------------
     0 | D:1      | Kel the Gargoyle Berserker began the quest for the Orb.
     0 | D:1      | Reached XP level 1. HP: 14/14 MP: 1/1
   185 | D:1      | Reached skill level 3 in Axes
   378 | D:1      | Reached XP level 2. HP: 16/19 MP: 2/2
   679 | D:1      | Reached XP level 3. HP: 17/23 MP: 3/3
   781 | D:1      | You fall into a shaft and drop 1 floor!
  1299 | D:1      | Reached ** piety under Trog
  1381 | D:1      | Reached skill level 4 in Axes
  1793 | D:2      | Identified the +5 war axe "Wuntouwk" {flame, rN+ Int+4}
  2075 | D:2      | Found a runed translucent door.
  2076 | D:2      | Noticed Crazy Yiuf
  2137 | D:2      | Reached XP level 4. HP: 24/28 MP: 4/4
  2550 | D:2      | Killed Crazy Yiuf
  2870 | D:3      | Reached skill level 5 in Axes
  2870 | D:3      | Reached XP level 5. HP: 27/32 MP: 5/5
  3259 | D:3      | Found a faded altar of an unknown god.
  3507 | D:3      | Noticed Grinder
  3512 | D:3      | Killed Grinder
  3513 | D:3      | Reached skill level 6 in Axes
  3513 | D:3      | Reached XP level 6. HP: 37/37 MP: 6/6
  3707 | D:4      | Noticed a black bear
  3715 | D:4      | Killed a black bear
  3716 | D:4      | Reached skill level 7 in Axes
  3716 | D:4      | Reached XP level 7. HP: 41/41 MP: 7/7
  3735 | D:4      | Reached *** piety under Trog
  3857 | D:4      | Identified the +1 leather armour of Nithato {Str+6}
  4263 | D:5      | Entered Level 5 of the Dungeon
  4407 | D:5      | Reached skill level 8 in Axes
  4420 | D:5      | Found a glowing drain.
  4435 | Sewer    | Entered a sewer
  4523 | Sewer    | Reached XP level 8. HP: 36/46 MP: 8/8
  4603 | Sewer    | Found a white marble altar of Elyvilon.
  4736 | D:5      | Reached skill level 9 in Axes
  4773 | D:5      | Reached **** piety under Trog
  5246 | D:6      | Reached skill level 10 in Axes
  5267 | D:6      | Reached XP level 9. HP: 30/51 MP: 9/9
  5487 | D:6      | Found an iron altar of Okawaru.
  5500 | D:6      | Reached skill level 11 in Axes
  5836 | D:6      | Found a staircase to the Ecumenical Temple.
  6065 | D:7      | Found an ancient bone altar of Kikubaaqudgha.
  6275 | D:7      | HP: 1/51 [swamp worm (6)]
  6276 | D:7      | Slain by a swamp worm

Illustrated notes

Levels and vault maps discovered:
D:1:      evilmike_arrival_rings, layout_loops_ring
D:2:      minmay_skewed_foursquare, layout_basic, serial_rivers,
          chequers_serial_rivers_micro_e, chequers_serial_rivers_micro_a,
          chequers_serial_rivers_room_b, chequers_serial_rivers_room_b,
          chequers_serial_rivers_small_a, uniq_crazy_yiuf_cottage
D:3:      layout_loops_cross, shapermc_ecumenical_altar_venn, uniq_grinder
D:4:      layout_cave_pools
D:5:      layout_cave_pools, cheibrodos_sewer_entry_drain
D:6:      layout_rooms, okawaru_ov_weapons_minmay, lemuel_temple_firewalk_b
D:7:      layout_basic, mainiacjoe_overflow_catwalk, kiku_gazebo_pond_becter,
          kennysheep_mini, worms_lemuel

Skill      XL: |  1  2  3  4  5  6  7  8  9 |
---------------+----------------------------+-----
Axes           | 3 4 5 6 7 8 10 11 | 11.7
Fighting       | |  3.2
Armour         | |  2.1
Dodging        | |  1.5

Action                   |  1- 3 |  4- 6 |  7- 9 || total
-------------------------+-------+-------+-------++-------
Melee: Hand axe          |   109 |       |       ||   109
       War axe           |    12 |    47 |   177 ||   236
       Punch             |       |       |     1 ||     1
Invok: Berserk           |       |     2 |     4 ||     6
  Use: Potion            |       |       |     3 ||     3
Armor: Animal skin       |    43 |       |       ||    43
       Ring mail         |       |     6 |       ||     6
       Chain mail        |       |    28 |   196 ||   224
Dodge: Dodged            |    76 |    22 |   101 ||   199
